 Dungeon Crawl Stone Soup version 0.28.0-1-gb440e238dd (webtiles) character file.

Game seed: 8066801209544425029

4 Aksej the Magician (level 1, 0/15 HPs)
             Began as a Djinni Fire Elementalist on Feb 22, 2022.
             Slain by a jackal (2 damage)
             ... on level 1 of the Dungeon.
             The game lasted 00:00:43 (42 turns).

Aksej the Magician (Djinni Fire Elementalist)         Turns: 42, Time: 00:00:44

Health: 0/15       AC:  2    Str:  7    XL:     1   Next: 66%
Gold:   16         EV: 12    Int: 16    God:
                   SH:  0    Dex: 13

rFire   + + .      SeeInvis .   (no weapon)
rCold   x . .      Faith    .   (no shield)
rNeg    . . .      Spirit   .   a - +0 robe
rPois   ∞          Reflect  .   (no helmet)
rElec   .          Harm     .   (no cloak)
rCorr   .          Rampage  .   (no gloves)
Will    .....                   (boots unavailable)
Stlth   ++........              (no amulet)
HPRegen 0.05/turn               (no ring)
MPRegen 0.00/turn               (no ring)

@: flying
A: sickness immunity, fire resistance 2, cold vulnerability 1, float, innate
caster, HP casting, extra vitality 1
a: no special abilities


You were on level 1 of the Dungeon.
You visited 1 branch of the dungeon, and saw 1 of its levels.

You collected 16 gold pieces.

Inventory:

Armour
 a - a +0 robe (worn)


   Skills:
 + Level 2.2 Dodging
 + Level 1.6 Stealth
 + Level 2.5 Spellcasting


You couldn't memorise any spells.
You knew the following spells:

 Your Spells              Type           Power      Damage    Failure   Level
a - Foxfire               Conj/Fire      40%        2x1d6     7%          1
b - Scorch                Fire           20%        2d6       11%         2
c - Conjure Flame         Conj/Fire      10%        6-21      21%         3
d - Inner Flame           Hex/Fire       10%        N/A       21%         3
e - Flame Wave            Conj/Fire      10%        2d5       56%         4
Your spell library was empty.

Dungeon Overview and Level Annotations

Branches:
Dungeon (1/15)

Altars:


Innate Abilities, Weirdness & Mutations

You are immune to sickness and miasma.
You are immune to poison.
Your flesh is very heat resistant. (rF++)
You are vulnerable to cold. (rC-)
You float through the air rather than walking.
You learn spells naturally, not from books.
Your magical power is your life essence.
You have superior vitality. (+4 MHP)


Message History

The foxfire hits the frilled lizard.
You kill the frilled lizard!
A frilled lizard and a jackal come into view.
The foxfire hits the jackal.
The jackal is moderately wounded.
A jackal comes into view. x2; A frilled lizard comes into view.
The jackal barks!
You feel a bit more experienced. x2
The frilled lizard hisses.
You miss the jackal.
The jackal is moderately wounded.
The jackal barely misses you.
You closely miss the jackal.
The jackal is moderately wounded.
The jackal closely misses you. The jackal bites you.
You closely miss the jackal.
The jackal is moderately wounded.
The jackal bites you but does no damage. x2
The jackal barely misses you. The jackal bites you.
You closely miss the jackal.
The jackal is moderately wounded.
The jackal bites you. The jackal barely misses you. The jackal bites you.
The jackal barks!
You hit the jackal but do no damage.
The jackal is moderately wounded.
The jackal closely misses you. The jackal misses you.
The jackal bites you but does no damage.
The frilled lizard closely misses you. The jackal bites you. x2
* * * LOW HITPOINT WARNING * * *
You closely miss the frilled lizard. The jackal bites you.
* * * LOW HITPOINT WARNING * * *
The jackal closely misses you. x2; The frilled lizard bites you.
* * * LOW HITPOINT WARNING * * *
The jackal misses you.
The frilled lizard hisses.
Unknown command.
You closely miss the jackal.
The jackal is moderately wounded.
The jackal bites you.
You die...

#...........#
##.........##
#.........#
###.....###
#.....#
##.....##
#8.....8#
##.....##
##..h@.##
#8..hhl8#
##...h.##
##.....##
#8.....8#
##.....##
##....l##
#8.....8#
##.....##


You could see 4 jackals and 2 frilled lizards.

Vanquished Creatures
  6 frilled lizards (D:1)
6 creatures vanquished.

Vanquished Creatures (others)
  5 foxfires (D:1)
5 creatures vanquished.

Grand Total: 11 creatures vanquished

Notes
Turn   | Place    | Note
-------+----------+-------------------------------------------
     0 | D:1      | Aksej the Djinni Fire Elementalist began the quest for the
                  | Orb.
     0 | D:1      | Reached XP level 1. HP: 15/15 MP: 0/0
    42 | D:1      | Slain by a jackal

Illustrated notes

Levels and vault maps discovered:
D:1:      psy_arrival_heroes, layout_loops_corners, minmay_gold_behind_fungi,
          minmay_lizard_pond

Action                   || total
-------------------------++-------
Melee: Unarmed           ||     7
 Cast: Foxfire           ||     3
Armor: Robe              ||     3
Dodge: Dodged            ||    10
